Map: 2000 Atmospheres LE

Players

RiSky

  • Race: Zerg Zerg

Ranger - Winner!

  • Race: Protoss Protoss
  • League: Grandmaster

Event: DreamHack SC2 Masters 2021 Summer

VOD

Have the link to the VOD?

Description

Time

  • Played on: May 20, 2021, 5:08 a.m.
  • Length: 15:09

All games in this series

Show
View Real Time Build Order
Export as new Build Order

RiSky Zerg 

Build Orders: Hatch First 

Get SALT Encoding   

  12  0:00  Drone  
  13  0:12  Overlord  
  13  0:17  Drone  
  14  0:31  Drone x2  
  16  0:49  Hatchery  
  15  0:51  Drone  
  15  0:55  Drone  
  17  0:58  Drone  
  18  1:09  Extractor  
  17  1:13  Spawning Pool  
  17  1:17  Drone  
  17  1:21  Drone  
  18  1:28  Drone  
  19  1:39  Drone  
  20  1:49  Overlord  
  20  2:00  Queen  
  20  2:01  Queen  
  22  2:02  Zergling x4  
  26  2:11  Drone  
  26  2:12  Drone  
  26  2:13  Metabolic Boost  
  28  2:22  Drone  
  29  2:23  Drone  
  30  2:33  Drone x2  
  32  2:42  Hatchery  
  31  2:47  Queen  
  33  2:51  Zergling x2  
  33  2:56  Overlord  
  33  3:03  Drone x2  
  34  3:09  Drone  
  35  3:15  Drone x2  
  35  3:16  Drone x2  
  39  3:20  Overlord  
  39  3:23  Drone  
  39  3:26  Extractor  
  39  3:29  Drone  
  39  3:30  Roach Warren  
  39  3:33  Drone  
  40  3:39  Drone  
  41  3:42  Drone x2  
  41  3:44  Overlord  
  41  3:46  Drone  
  44  3:49  Drone  
  45  3:56  Zergling x10  
  45  4:01  Overlord  
  50  4:05  Overlord  
  50  4:11  Roach  
  50  4:14  Roach  
  50  4:15  Roach x2  
  58  4:19  Zergling x4  
  58  4:22  Zergling x2  
  61  4:26  Zergling x2  
  61  4:29  Zergling x8  
  66  4:33  Spore Crawler  
  66  4:34  Spore Crawler  
  66  4:36  Ravager  
  66  4:37  Ravager x2  
  67  4:43  Spore Crawler  
  66  4:47  Overlord  
  66  4:48  Ravager  
  66  4:52  Drone x3  
  70  5:08  Drone x2, Lair  
  70  5:10  Zergling x14  
  79  5:22  Drone x2  
  79  5:23  Overlord x2  
  79  5:25  Overlord  
  81  5:31  Baneling Nest  
  81  5:33  Drone  
  81  5:36  Overlord  
  81  5:41  Drone  
  81  5:42  Drone  
  83  5:43  Drone x3  
  83  5:44  Drone  
  83  5:47  Drone, Baneling Nest  
  88  5:50  Extractor  
  88  5:51  Drone x2  
  88  5:55  Roach x3  
  95  5:58  Drone  
  95  5:59  Overlord  
  96  6:05  Drone  
  96  6:07  Drone x3  
  96  6:10  Drone  
  101  6:12  Glial Reconstitution  
  101  6:13  Overseer  
  101  6:14  Drone  
  101  6:15  Drone  
  101  6:17  Drone  
  104  6:24  Drone  
  104  6:27  Drone  
  104  6:29  Drone  
  104  6:31  Overseer  
  103  6:34  Roach x5  
  109  6:47  Drone x2  
  109  6:52  Drone x7  
  109  6:54  Extractor, Drone  
  118  6:55  Extractor  
  118  6:56  Drone, Evolution Chamber  
  118  6:59  Queen  
  119  7:01  Centrifical Hooks  
  119  7:04  Hatchery  
  118  7:09  Drone x2  
  120  7:15  Overlord  
  120  7:21  Overlord  
  120  7:23  Overlord  
  120  7:26  Drone  
  120  7:29  Queen  
  121  7:34  Drone x2  
  121  7:35  Zerg Melee Weapons Level 1  
  121  7:36  Drone x2  
  125  7:40  Roach  
  125  7:41  Roach x5  
  137  7:44  Overlord  
  137  7:47  Roach x4  
  144  7:52  Roach  
  144  7:54  Overlord  
  146  8:05  Drone x3  
  144  8:07  Drone x2  
  144  8:10  Drone x2, Extractor  
  147  8:17  Roach x5  
  157  8:21  Roach x3  
  157  8:24  Ravager x5  
  168  8:28  Overlord  
  168  8:29  Overlord x4  
  168  8:33  Baneling x5  
  158  8:48  Overseer x2  
  152  8:54  Roach x7  
  149  8:58  Roach x3  
  149  8:59  Queen  
  145  9:05  Roach x3  
  145  9:09  Roach  
  141  9:10  Roach  
  141  9:18  Hatchery  
  141  9:20  Roach x3  
  144  9:27  Zergling x6  
  147  9:32  Zergling x2  
  147  9:34  Ravager x2  
  150  9:39  Zergling x4  
  150  9:41  Hatchery  
  149  9:49  Overseer, Roach  
  149  9:50  Roach x8  
  159  9:54  Roach  
  155  10:00  Roach x2  
  155  10:04  Overlord  
  155  10:05  Overseer  
  159  10:13  Zergling x2  
  159  10:14  Zergling x8  
  164  10:18  Overlord  
  164  10:19  Overlord  
  164  10:22  Overlord  
  164  10:26  Overlord  
  164  10:31  Zergling x2  
  164  10:32  Zergling x10  
  162  10:40  Zergling x4  
  135  10:43  Overseer  
  135  10:44  Overseer  
  116  10:50  Zergling x18  
  116  10:56  Roach x2  
  116  10:57  Ravager x2  
  116  10:58  Ravager x3  
  116  11:00  Roach x2  
  123  11:04  Pneumatized Carapace  
  123  11:06  Roach x2  
  126  11:15  Zergling x20  
  126  11:16  Zergling x4  
  126  11:18  Baneling x19  
  138  11:19  Baneling  
  138  11:20  Zergling x2  
  138  11:24  Zergling x2  
  140  11:28  Zergling x6  
  140  11:29  Zergling x6  
  141  11:43  Zergling x2  
  141  11:44  Zergling x22  
  141  11:45  Zerg Melee Weapons Level 2  
  149  11:54  Zergling x10  
  144  11:56  Ravager x6  
  133  12:08  Zergling x10  
  133  12:10  Drone x3  
  133  12:12  Spore Crawler  
  133  12:13  Drone x2  
  133  12:14  Drone x2  
  143  12:22  Drone x4  
  147  12:34  Zergling x12  
  147  12:37  Baneling x19  
  144  12:39  Zergling x2  
  144  12:44  Zergling x10  
  147  12:50  Zergling x10  
  152  12:59  Baneling x15  
  152  13:03  Zergling x2  
  152  13:04  Zergling x6  
  155  13:10  Zergling x14  
  145  13:17  Zergling x2  
  145  13:18  Zergling x10  
  113  13:27  Roach x4  
  113  13:30  Roach  
  113  13:32  Baneling x7  
  116  13:36  Roach  
  116  13:37  Roach x3  
  124  13:42  Roach  
  124  13:44  Baneling x8  
  125  13:56  Ravager x6  
  128  14:04  Roach x2  
  128  14:05  Roach x5  
  128  14:08  Hatchery  
  141  14:16  Hatchery  
  118  14:25  Roach x8  
  118  14:28  Zergling x6  
  129  14:32  Ravager  
  129  14:33  Ravager x7  
  129  14:36  Zergling x6  
  139  14:41  Zergling x2  
  139  14:42  Zergling x10  
  132  14:49  Zergling x10  
Show
View Real Time Build Order
Export as new Build Order

Ranger Protoss - Winner!

Build Orders: 1 Gate Expand, Mass Adepts, Zealot Archon 

Get SALT Encoding   

  12  0:00  Probe  
  13  0:12  Probe  
  14  0:19  Pylon  
  14  0:26  Probe  
  15  0:39  Gateway  
  15  0:40  Probe (Chrono Boost)  
  16  0:48  Probe (Chrono Boost)  
  17  0:53  Assimilator  
  17  0:54  Probe  
  18  1:07  Probe  
  19  1:19  Probe  
  20  1:28  Nexus  
  20  1:38  Cybernetics Core  
  20  1:40  Probe  
  21  1:48  Assimilator  
  21  1:52  Pylon  
  21  1:54  Probe  
  22  2:06  Probe  
  23  2:12  Adept (Chrono Boost)  
  25  2:17  Warp Gate  
  25  2:18  Probe  
  26  2:29  Twilight Council  
  26  2:31  Probe  
  26  2:32  Adept (Chrono Boost)  
  29  2:39  Probe (Chrono Boost)  
  31  2:48  Probe (Chrono Boost)  
  32  2:51  Probe (Chrono Boost)  
  32  2:56  Probe (Chrono Boost)  
  32  2:57  Probe (Chrono Boost)  
  34  3:03  Stalker  
  34  3:06  Probe, Robotics Facility  
  34  3:09  Probe  
  36  3:17  Gateway, Resonating Glaives (Chrono Boost)  
  36  3:19  Probe  
  37  3:24  Probe  
  38  3:28  Gateway  
  38  3:33  Probe  
  39  3:37  Gateway  
  39  3:38  Probe  
  40  3:45  Probe  
  40  3:47  Pylon  
  41  3:50  Warp Prism (Chrono Boost)  
  43  3:57  Probe, Pylon  
  44  4:06  Probe  
  45  4:10  Adept  
  45  4:13  Adept  
  45  4:14  Pylon  
  49  4:24  Adept  
  51  4:26  Probe x2, Assimilator  
  51  4:29  Assimilator  
  54  4:35  Adept x2  
  54  4:36  Adept  
  59  4:48  Probe x2  
  59  4:50  Dark Shrine  
  59  4:51  Adept  
  63  4:58  Adept x3  
  63  5:00  Probe x2  
  63  5:02  Adept x2  
  69  5:12  Probe  
  70  5:20  Nexus  
  70  5:21  Pylon  
  70  5:22  Pylon  
  70  5:36  Pylon  
  70  5:39  Probe, Immortal  
  75  5:44  Probe  
  75  5:45  Shield Battery  
  75  5:48  Pylon  
  76  5:51  Probe  
  76  5:52  Sentry  
  76  5:56  Probe (Chrono Boost)  
  76  5:57  Gateway  
  80  6:00  Gateway, Shield Battery  
  78  6:04  Dark Templar x2  
  78  6:06  Probe (Chrono Boost)  
  83  6:11  Dark Templar  
  83  6:15  Dark Templar  
  87  6:19  Probe (Chrono Boost)  
  87  6:24  Robotics Bay  
  76  6:40  Probe x2  
  76  6:41  Adept x2  
  83  6:47  Probe  
  83  6:49  Immortal (Chrono Boost)  
  83  6:51  Gateway  
  83  6:53  Probe, Sentry x2  
  83  6:54  Gateway  
  91  6:55  Probe  
  91  6:57  Archon  
  91  6:58  Archon  
  91  6:59  Probe  
  94  7:05  Probe, Adept x2  
  94  7:07  Sentry, Adept  
  94  7:08  Probe  
  103  7:12  Pylon  
  104  7:20  Adept x2  
  108  7:24  Gateway, Disruptor  
  111  7:42  Stalker x4  
  111  7:43  Zealot x2  
  123  7:45  Probe x2  
  123  7:47  Assimilator  
  125  7:51  Assimilator  
  119  8:08  Dark Templar  
  119  8:09  Dark Templar  
  121  8:14  Probe  
  121  8:17  Zealot  
  124  8:22  Pylon  
  124  8:24  Pylon  
  124  8:27  Pylon  
  122  8:47  Stalker x7  
  122  8:48  Zealot, Stalker  
  140  8:54  Disruptor (Chrono Boost)  
  118  9:11  Probe x3  
  118  9:15  Stalker x2  
  118  9:16  Stalker x4  
  125  9:27  Disruptor (Chrono Boost)  
  125  9:30  Nexus  
  128  9:31  Forge  
  128  9:32  Pylon  
  128  9:34  Pylon  
  128  9:37  Stalker x3  
  134  9:40  Gateway  
  130  9:55  Disruptor (Chrono Boost)  
  130  9:57  Stalker x6  
  145  10:03  Robotics Facility  
  145  10:13  Photon Cannon x2  
  145  10:22  Observer  
  145  10:24  Stalker x5  
  145  10:27  Photon Cannon  
  145  10:28  Shield Battery  
  121  10:44  Stalker x5  
  107  10:50  Disruptor  
  107  10:53  Zealot, Stalker  
  107  10:54  Protoss Ground Weapons Level 1 (Chrono Boost), Zealot x2  
  114  10:59  Stalker  
  114  11:01  Probe x2  
  116  11:12  Zealot x2, Stalker x3  
  126  11:22  Stalker x3  
  126  11:23  Charge (Chrono Boost)  
  130  11:37  Disruptor  
  122  11:48  Stalker x4  
  128  12:01  Zealot x6  
  132  12:15  Stalker x4  
  140  12:16  Probe x3  
  140  12:18  Assimilator  
  140  12:22  Assimilator  
  143  12:24  Stalker  
  143  12:25  Stalker x3  
  143  12:28  Probe  
  152  12:34  Colossus (Chrono Boost), Disruptor (Chrono Boost)  
  161  12:50  Blink (Chrono Boost)  
  161  12:56  Zealot  
  161  12:57  Zealot x7  
  175  13:07  Disruptor (Chrono Boost)  
  152  13:13  Zealot x2  
  129  13:22  Stalker x2  
  129  13:23  Stalker x6  
  129  13:26  Zealot  
  119  13:34  Stalker  
  121  13:48  Stalker x3  
  123  13:49  Zealot, Stalker x3  
  123  13:53  Pylon  
  123  13:54  Observer  
  136  13:56  Dark Templar  
  138  14:03  Stalker x2  
  138  14:04  Disruptor  
  130  14:25  Stalker x7  
  130  14:27  Sentry x2  
  146  14:50  Stalker x2  
  150  14:51  Stalker  
Tags
 
Add a new tag
Caveats
  • Supply blocks, unpowered buildings, or Contaminate may cause inaccurate times.
  • Supply counts are checked every 10 seconds.